TOP OF THE 1ST |
West Virginia Black Bears batting - Pitching for Milwaukee (NYP) Brewers : RHP Tony Valdez
|
Pitching: RHP Tony Valdez
|
|
Batting: LHB Joe Hoover
|
0-0: Ball 1-0: Bunted foul 1-1: Foul Ball, location: 2F 1-2: TRIPLE (Flyball, 78XD, EV 105.0 MPH)
|
Batting: LHB Gregg Kellerman
|
0-0: Ball 1-0: Swinging Strike 1-1: Ball 2-1: Foul Ball, location: 2F 2-2: Ball 3-2: Foul Ball, location: 2F 3-2: Ground out 6-3 (Groundball, 6D, EV 104.4 MPH) Joe Hoover scores
|
Batting: RHB Jose Almonte
|
0-0: Ball 1-0: DOUBLE (Line Drive, 78D, EV 108.8 MPH)
|
Batting: RHB Mike Velazquez
|
0-0: Fly out, F6 (Popup, 6, EV 60.0 MPH)
|
Batting: LHB Brandon Sarni
|
0-0: Swinging Strike 0-1: Swinging Strike 0-2: Ball 1-2: Foul Ball, location: 2F 1-2: Ball 2-2: Ball 3-2: Strikes out swinging
|
Top of the 1st over - 1 run, 2 hits, 0 errors, 1 left on base; West Virginia 1 - Milwaukee (NYP) 0 |
BOTTOM OF THE 1ST |
Milwaukee (NYP) Brewers batting - Pitching for West Virginia Black Bears : RHP Franklin Amaro
|
Pitching: RHP Franklin Amaro
|
|
Batting: RHB Brian Landrum
|
0-0: Ball 1-0: Ball 2-0: Foul Ball, location: 2F 2-1: Swinging Strike 2-2: Foul Ball, location: 2F 2-2: Ball 3-2: Ground out 6-3 (Groundball, 6, EV 104.4 MPH)
|
Batting: RHB Steve Byerly
|
0-0: Ground out 6-3 (Groundball, 6, EV 101.9 MPH)
|
Batting: LHB Alfredo de la Cruz
|
0-0: Foul Ball, location: 2F 0-1: Ball 1-1: Ball 2-1: Ground out 3-1 (Groundball, 34, EV 78.8 MPH)
|
Bottom of the 1st over - 0 runs, 0 hits, 0 errors, 0 left on base; West Virginia 1 - Milwaukee (NYP) 0 |
TOP OF THE 2ND |
West Virginia Black Bears batting - Pitching for Milwaukee (NYP) Brewers : RHP Tony Valdez
|
Batting: RHB Chris Pozzi
|
0-0: Foul Ball, location: 2F 0-1: Foul Ball, location: 2F 0-2: Foul Ball, location: 2F 0-2: Ball 1-2: Ground out 6-3 (Groundball, 6M, EV 105.6 MPH)
|
Batting: RHB Freddy Quintero
|
0-0: Ball 1-0: Ball 2-0: Ground out 5-3 (Groundball, 56, EV 87.5 MPH)
|
Batting: RHB Richard Barrios
|
0-0: Ball 1-0: Ball 2-0: Ball 3-0: Called Strike 3-1: Ground out 5-3 (Groundball, 5, EV 106.2 MPH)
|
Top of the 2nd over - 0 runs, 0 hits, 0 errors, 0 left on base; West Virginia 1 - Milwaukee (NYP) 0 |
BOTTOM OF THE 2ND |
Milwaukee (NYP) Brewers batting - Pitching for West Virginia Black Bears : RHP Franklin Amaro
|
Batting: LHB Gabe Harvey
|
0-0: Ball 1-0: Ball 2-0: Ball 3-0: Called Strike 3-1: Base on Balls
|
Batting: RHB Skyler Goss
|
0-0: Called Strike 0-1: Ball Wild Pitch! Gabe Harvey to second 1-1: Called Strike 1-2: Fly out, F8 (Flyball, 8RS, EV 84.4 MPH)
|
Batting: LHB Paul Collins
|
0-0: Ball 1-0: Called Strike 1-1: Ball 2-1: Called Strike 2-2: Foul Ball, location: 2F 2-2: SINGLE (Groundball, P, EV 79.4 MPH) (infield hit) Gabe Harvey to third
|
Batting: SHB Mitchell Greene
|
0-0: Ball 1-0: Called Strike 1-1: Ball 2-1: Ball 3-1: Called Strike 3-2: Foul Ball, location: 2F 3-2: Strikes out swinging
|
Batting: RHB Dustin Hartman
|
0-0: DOUBLE (Line Drive, 9LS, EV 111.2 MPH) Gabe Harvey scores Paul Collins to third
|
Batting: RHB Raymond Young
|
0-0: Swinging Strike 0-1: Foul Ball, location: 2F 0-2: Ball 1-2: SINGLE (Groundball, 4MS, EV 73.1 MPH) (infield hit) Paul Collins scores Dustin Hartman to third
|
Batting: RHB Brian Landrum
|
0-0: Ball Raymond Young steals 2nd base 1-0: Fly out, F4 (Flyball, 34D, EV 72.5 MPH)
|
Bottom of the 2nd over - 2 runs, 3 hits, 0 errors, 2 left on base; West Virginia 1 - Milwaukee (NYP) 2 |
TOP OF THE 3RD |
West Virginia Black Bears batting - Pitching for Milwaukee (NYP) Brewers : RHP Tony Valdez
|
Batting: RHB Steve Dennis
|
0-0: Foul Ball, location: 2F 0-1: Ground out 4-3 (Groundball, 4S, EV 88.1 MPH)
|
Batting: LHB Joe Hoover
|
0-0: Foul Ball, location: 2F 0-1: Called Strike 0-2: Ball 1-2: Foul Ball, location: 2F 1-2: Fly out, F8 (Flyball, 8LS, EV 91.2 MPH)
|
Batting: LHB Gregg Kellerman
|
0-0: Ball 1-0: Ball 2-0: Called Strike 2-1: Foul Ball, location: 2F 2-2: Ground out 6-3 (Groundball, 6, EV 85.0 MPH)
|
Top of the 3rd over - 0 runs, 0 hits, 0 errors, 0 left on base; West Virginia 1 - Milwaukee (NYP) 2 |
BOTTOM OF THE 3RD |
Milwaukee (NYP) Brewers batting - Pitching for West Virginia Black Bears : RHP Franklin Amaro
|
Batting: RHB Steve Byerly
|
0-0: Fly out, F8 (Line Drive, 8LD, EV 93.8 MPH)
|
Batting: LHB Alfredo de la Cruz
|
0-0: Ball 1-0: Fly out, F6 (Popup, 6MS, EV 77.5 MPH)
|
Batting: LHB Gabe Harvey
|
0-0: Fly out, F7 (Flyball, 7LD, EV 102.5 MPH)
|
Bottom of the 3rd over - 0 runs, 0 hits, 0 errors, 0 left on base; West Virginia 1 - Milwaukee (NYP) 2 |
TOP OF THE 4TH |
West Virginia Black Bears batting - Pitching for Milwaukee (NYP) Brewers : RHP Tony Valdez
|
Batting: RHB Jose Almonte
|
0-0: SINGLE (Groundball, 4D, EV 98.8 MPH)
|
Batting: RHB Mike Velazquez
|
0-0: Foul Ball, location: 2F 0-1: Ball 1-1: Swinging Strike 1-2: Strikes out swinging
|
Batting: LHB Brandon Sarni
|
0-0: DOUBLE (Line Drive, 5D, EV 93.8 MPH) Jose Almonte to third
|
Batting: RHB Chris Pozzi
|
0-0: Ball 1-0: Foul Ball, location: 2F 1-1: Swinging Strike 1-2: Ball 2-2: Strikes out swinging
|
Batting: RHB Freddy Quintero
|
0-0: Called Strike 0-1: Swinging Strike 0-2: Foul Ball, location: 2F 0-2: Ball 1-2: SINGLE (Line Drive, 8RS, EV 106.9 MPH) Jose Almonte scores Brandon Sarni to third Runner from 3rd tries for Home, SAFE, throw by CF to home Freddy Quintero to second
|
Batting: RHB Richard Barrios
|
0-0: Called Strike 0-1: Hit by Pitch
|
Batting: RHB Steve Dennis
|
0-0: Called Strike 0-1: Ball 1-1: Ball 2-1: Fielders Choice at 2nd, 6-4 (Groundball, 6, EV 80.0 MPH)
|
Top of the 4th over - 2 runs, 3 hits, 0 errors, 2 left on base; West Virginia 3 - Milwaukee (NYP) 2 |
BOTTOM OF THE 4TH |
Milwaukee (NYP) Brewers batting - Pitching for West Virginia Black Bears : RHP Franklin Amaro
|
Batting: RHB Skyler Goss
|
0-0: Ball 1-0: Called Strike 1-1: Ball 2-1: Fly out, F3 (Popup, 3S, EV 75.6 MPH)
|
Batting: LHB Paul Collins
|
0-0: Called Strike 0-1: Ball 1-1: Ball 2-1: Called Strike 2-2: Ball 3-2: Base on Balls
|
Batting: SHB Mitchell Greene
|
0-0: Ball Paul Collins steals 2nd base 1-0: Foul Ball, location: 2F 1-1: Called Strike 1-2: Ball 2-2: Ball 3-2: Strikes out looking
|
Batting: RHB Dustin Hartman
|
0-0: Ball 1-0: Foul Ball, location: 2F 1-1: Ball 2-1: DOUBLE (Flyball, 78D, EV 88.1 MPH) Paul Collins scores
|
Batting: RHB Raymond Young
|
0-0: Swinging Strike 0-1: Fly out, F2 (Popup, 2LF, EV 88.8 MPH)
|
Bottom of the 4th over - 1 run, 1 hit, 0 errors, 1 left on base; West Virginia 3 - Milwaukee (NYP) 3 |
TOP OF THE 5TH |
West Virginia Black Bears batting - Pitching for Milwaukee (NYP) Brewers : RHP Tony Valdez
|
Batting: LHB Joe Hoover
|
0-0: Ball 1-0: Ground out 4-3 (Groundball, 4, EV 81.2 MPH)
|
Batting: LHB Gregg Kellerman
|
0-0: Swinging Strike 0-1: Ball 1-1: Ball 2-1: Ball 3-1: Swinging Strike 3-2: Base on Balls
|
Pitching: RHP Justin Orr
|
|
Batting: RHB Jose Almonte
|
0-0: Called Strike 0-1: Ground out 5-3 (Groundball, 56S, EV 70.0 MPH) Gregg Kellerman to second
|
Batting: RHB Mike Velazquez
|
0-0: Ball 1-0: Ball 2-0: Foul Ball, location: 2F 2-1: Foul Ball, location: 2F 2-2: Ball 3-2: Ground out 1-3 (Groundball, 13, EV 71.2 MPH)
|
Top of the 5th over - 0 runs, 0 hits, 0 errors, 1 left on base; West Virginia 3 - Milwaukee (NYP) 3 |
BOTTOM OF THE 5TH |
Milwaukee (NYP) Brewers batting - Pitching for West Virginia Black Bears : RHP Franklin Amaro
|
Batting: RHB Brian Landrum
|
0-0: Called Strike 0-1: Ground out 5-3 (Groundball, 15, EV 80.6 MPH)
|
Batting: RHB Steve Byerly
|
0-0: Swinging Strike 0-1: Ground out 4-3 (Groundball, 4, EV 100.6 MPH)
|
Batting: LHB Alfredo de la Cruz
|
0-0: Foul Ball, location: 2F 0-1: Called Strike 0-2: Ball 1-2: Ball 2-2: Hit by Pitch
|
Batting: LHB Gabe Harvey
|
0-0: Called Strike Alfredo de la Cruz steals 2nd base 0-1: Ball 1-1: Ball 2-1: Called Strike 2-2: DOUBLE (Line Drive, 78M, EV 98.1 MPH) Alfredo de la Cruz scores
|
Batting: RHB Skyler Goss
|
0-0: Ball 1-0: Ball 2-0: Ball 3-0: Base on Balls
|
Batting: LHB Paul Collins
|
0-0: Ball 1-0: Called Strike 1-1: Fly out, F1 (Line Drive, P, EV 71.9 MPH)
|
Bottom of the 5th over - 1 run, 1 hit, 0 errors, 2 left on base; West Virginia 3 - Milwaukee (NYP) 4 |
TOP OF THE 6TH |
West Virginia Black Bears batting - Pitching for Milwaukee (NYP) Brewers : RHP Justin Orr
|
Batting: LHB Brandon Sarni
|
0-0: Ball 1-0: Ball 2-0: Ball 3-0: Base on Balls
|
Batting: RHB Chris Pozzi
|
0-0: Ball Wild Pitch! Brandon Sarni to second 1-0: Swinging Strike 1-1: Foul Ball, location: 2F 1-2: Ball 2-2: Ball 3-2: Base on Balls
|
Batting: RHB Freddy Quintero
|
0-0: Ball 1-0: SINGLE (Line Drive, 3D, EV 98.1 MPH) Brandon Sarni to third Chris Pozzi to second
|
Batting: RHB Richard Barrios
|
0-0: Called Strike 0-1: Ball 1-1: Ball 2-1: Swinging Strike 2-2: Foul Ball, location: 2F 2-2: Strikes out swinging
|
Pinch Hitting: RHB John Goynes
|
0-0: Called Strike 0-1: Foul Ball, location: 2F 0-2: Ball 1-2: Ball 2-2: SINGLE (Groundball, 6D, EV 96.9 MPH) Brandon Sarni scores Chris Pozzi to third Freddy Quintero to second Runner from 3rd tries for Home, throw by CF and OUT! 8-2
|
Batting: LHB Joe Hoover
|
0-0: Ball 1-0: Called Strike 1-1: Swinging Strike 1-2: Strikes out swinging
|
Top of the 6th over - 1 run, 2 hits, 0 errors, 2 left on base; West Virginia 4 - Milwaukee (NYP) 4 |
BOTTOM OF THE 6TH |
Milwaukee (NYP) Brewers batting - Pitching for West Virginia Black Bears : RHP Franklin Amaro
|
Pitching: RHP Justin Smart
|
|
Now in RF: Junki Nakamoto
|
|
Batting: SHB Mitchell Greene
|
0-0: Ball 1-0: Ball 2-0: Ground out 6-3 (Groundball, 6, EV 85.6 MPH)
|
Batting: RHB Dustin Hartman
|
0-0: Called Strike 0-1: Ball 1-1: Ball 2-1: Ball 3-1: Fly out, F8 (Line Drive, 8RM, EV 109.4 MPH)
|
Batting: RHB Raymond Young
|
0-0: Called Strike 0-1: Swinging Strike 0-2: Ball 1-2: Hit by Pitch
|
Batting: RHB Brian Landrum
|
0-0: Ball 1-0: Ball Wild Pitch! Raymond Young to second 2-0: Ground out 5-3 (Groundball, 56S, EV 86.2 MPH)
|
Bottom of the 6th over - 0 runs, 0 hits, 0 errors, 1 left on base; West Virginia 4 - Milwaukee (NYP) 4 |
TOP OF THE 7TH |
West Virginia Black Bears batting - Pitching for Milwaukee (NYP) Brewers : RHP Justin Orr
|
Pitching: LHP John Miller
|
|
Pinch Hitting: RHB Nick Wilkins
|
0-0: Ground out 1-3 (Groundball, 15S, EV 69.4 MPH)
|
Batting: RHB Jose Almonte
|
0-0: Ball 1-0: Called Strike 1-1: Called Strike 1-2: Foul Ball, location: 2F 1-2: Ball 2-2: TRIPLE (Flyball, 7LD, EV 108.8 MPH)
|
Batting: RHB Mike Velazquez
|
0-0: Ball 1-0: Ball 2-0: Ball 3-0: Base on Balls
|
Pinch Hitting: RHB Chris Beckham
|
0-0: Ball 1-0: Ball 2-0: Foul Ball, location: 2F 2-1: Fielders Choice at 2nd, 6-4 (Groundball, 6, EV 108.1 MPH) Jose Almonte scores
|
Batting: RHB Chris Pozzi
|
0-0: Ball 1-0: Ball 2-0: Called Strike 2-1: Swinging Strike 2-2: Strikes out swinging
|
Top of the 7th over - 1 run, 1 hit, 0 errors, 1 left on base; West Virginia 5 - Milwaukee (NYP) 4 |
BOTTOM OF THE 7TH |
Milwaukee (NYP) Brewers batting - Pitching for West Virginia Black Bears : RHP Justin Smart
|
Now at 1B: Tim Brereton
|
|
Now at 2B: Jose Almonte
|
|
Now at 3B: Chris Beckham
|
|
Now in LF: Joe Hoover
|
|
Now in CF: Junki Nakamoto
|
|
Now in RF: Mike Corley
|
|
Batting: RHB Steve Byerly
|
0-0: Called Strike 0-1: DOUBLE (Groundball, 5L, EV 101.2 MPH)
|
Batting: LHB Alfredo de la Cruz
|
0-0: Swinging Strike 0-1: Ball 1-1: Called Strike 1-2: Ball 2-2: Ball 3-2: Strikes out looking
|
Batting: LHB Gabe Harvey
|
0-0: Ball 1-0: Ball 2-0: Foul Ball, location: 2F 2-1: Swinging Strike 2-2: Strikes out swinging
|
Pitching: RHP Ernesto Mendez
|
|
Batting: RHB Skyler Goss
|
0-0: Ball 1-0: Swinging Strike 1-1: Ball 2-1: Ball 3-1: Swinging Strike 3-2: Fly out, F9 (Flyball, 9LS, EV 92.5 MPH)
|
Bottom of the 7th over - 0 runs, 1 hit, 0 errors, 1 left on base; West Virginia 5 - Milwaukee (NYP) 4 |
TOP OF THE 8TH |
West Virginia Black Bears batting - Pitching for Milwaukee (NYP) Brewers : LHP John Miller
|
Pitching: RHP Guillermo Delgado
|
|
Batting: SHB Mike Corley
|
0-0: Fly out, F7 (Flyball, 7LM, EV 98.1 MPH)
|
Batting: RHB Richard Barrios
|
0-0: Ball 1-0: Called Strike 1-1: Foul Ball, location: 2F 1-2: Strikes out swinging
|
Batting: RHB Junki Nakamoto
|
0-0: Called Strike 0-1: Called Strike 0-2: Strikes out looking
|
Top of the 8th over - 0 runs, 0 hits, 0 errors, 0 left on base; West Virginia 5 - Milwaukee (NYP) 4 |
BOTTOM OF THE 8TH |
Milwaukee (NYP) Brewers batting - Pitching for West Virginia Black Bears : RHP Ernesto Mendez
|
Batting: LHB Paul Collins
|
0-0: Ball 1-0: Ball 2-0: Foul Ball, location: 2F 2-1: Foul Ball, location: 2F 2-2: Foul Ball, location: 2F 2-2: Ball 3-2: Ground out U3 (Groundball, 3, EV 101.2 MPH)
|
Batting: SHB Mitchell Greene
|
0-0: Ball 1-0: Called Strike 1-1: Ball 2-1: Fly out, F7 (Line Drive, 7, EV 95.6 MPH)
|
Batting: RHB Dustin Hartman
|
0-0: Ball 1-0: Called Strike 1-1: Foul Ball, location: 2F 1-2: Ball 2-2: Foul Ball, location: 2F 2-2: Foul Ball, location: 2F 2-2: Ball 3-2: Foul Ball, location: 2F 3-2: Base on Balls
|
Batting: RHB Raymond Young
|
0-0: Ball 1-0: Ball 2-0: SINGLE (Line Drive, 8LS, EV 103.8 MPH) Dustin Hartman to second
|
Batting: RHB Brian Landrum
|
0-0: Foul Ball, location: 2F 0-1: Fielders Choice at 2nd, 6-4 (Groundball, 6, EV 87.5 MPH)
|
Bottom of the 8th over - 0 runs, 1 hit, 0 errors, 2 left on base; West Virginia 5 - Milwaukee (NYP) 4 |
TOP OF THE 9TH |
West Virginia Black Bears batting - Pitching for Milwaukee (NYP) Brewers : RHP Guillermo Delgado
|
Batting: LHB Joe Hoover
|
0-0: Ball 1-0: Called Strike 1-1: Ball 2-1: Ball 3-1: Base on Balls
|
Batting: RHB Tim Brereton
|
0-0: Ball Joe Hoover steals 2nd base 1-0: Ball 2-0: Called Strike 2-1: Fly out, F9 (Line Drive, 9, EV 104.4 MPH)
|
Batting: RHB Jose Almonte
|
0-0: Intentional Walk
|
Batting: RHB Mike Velazquez
|
0-0: Ball 1-0: Ball Joe Hoover steals 3rd base (no throw) Jose Almonte to second 2-0: Called Strike 2-1: Fly out, F9 (Flyball, 9S, EV 93.1 MPH)
|
Batting: RHB Chris Beckham
|
0-0: Ground out 6-3 (Groundball, 6, EV 77.5 MPH)
|
Top of the 9th over - 0 runs, 0 hits, 0 errors, 2 left on base; West Virginia 5 - Milwaukee (NYP) 4 |
BOTTOM OF THE 9TH |
Milwaukee (NYP) Brewers batting - Pitching for West Virginia Black Bears : RHP Ernesto Mendez
|
Pitching: RHP Shinya Ito
|
|
Batting: RHB Steve Byerly
|
0-0: Ball 1-0: Ball 2-0: Called Strike 2-1: Ball 3-1: Called Strike 3-2: Strikes out swinging
|
Batting: LHB Alfredo de la Cruz
|
0-0: Foul Ball, location: 2F 0-1: Foul Ball, location: 2F 0-2: Ball 1-2: Ground out 4-3 (Groundball, 34, EV 84.4 MPH)
|
Batting: LHB Gabe Harvey
|
0-0: Ball 1-0: Called Strike 1-1: Ball 2-1: Ball 3-1: Fly out, F8 (Flyball, 78D, EV 90.6 MPH)
|
Bottom of the 9th over - 0 runs, 0 hits, 0 errors, 0 left on base; West Virginia 5 - Milwaukee (NYP) 4 |
|